AoeStats
← White

Nomad

510546333Analyzed
4v4 RM · 1d ago on Oct 1, 2026· 42m 30s· 8 players
Game mode
Random Map
Map size
231×231
Population
200
Speed
Normal
Resources
Standard
Victory
Conquest
Starting age
Dark Age
Ending age
Imperial Age
RankedLock teamsTeams togetherTeam positionsShared explorationLock speedFull tech treeHidden civsTurbo modeCheats
Victory
Defeat
🇳🇴 Bohemians · Norway
1093
+42
🇳🇴 Japanese · Norway
1081
+17
🇸🇪 Spanish · Sweden
1064
+17
🇬🇧 Teutons · United Kingdom
1023
+19
🇹🇼 Danes · Taiwan
1136
-18
🇨🇳 Celts · China
1124
-18
🇹🇼 Ethiopians · Taiwan
1098
-18
🇵🇪 Byzantines · Peru
1027
-15
Benjings
4:42 Loom
15:13 Feudal Age
15:40 Double-Bit Axe
15:41 Fishing Lines
21:14 Castle Age
25:07 Fletching
30:45 Gillnets
31:55 Horse Collar
33:40 Wheelbarrow
33:23 Heavy Plow
39:34 Imperial Age
38:07 Bow Saw
39:04 Bloodlines
39:55 Scale Barding Armor
40:01 Forging
40:02 Cavalier
41:46 Crop Rotation
GodlySiege
4:07 Loom
13:45 Feudal Age
14:19 Double-Bit Axe
16:25 Fishing Lines
20:25 Castle Age
21:17 Medium Warships
23:07 Gillnets
24:20 Horse Collar
28:38 Wheelbarrow
30:23 Wagenburg Tactics
31:23 Chemistry
32:15 Heavy Plow
38:42 Imperial Age
36:53 Bow Saw
38:17 Padded Archer Armor
39:47 Conscription
39:26 Houfnice
42:04 Siege Engineers
White
12:16 Loom
14:38 Feudal Age
15:33 Fishing Lines
21:43 Castle Age
22:43 Stone Mining
22:51 Gold Mining
22:46 Horse Collar
24:13 Double-Bit Axe
24:30 Heavy Plow
25:17 Bow Saw
27:09 Pikeman
28:47 Town Watch
29:34 Bloodlines
30:16 Squires
32:26 Wheelbarrow
35:55 Imperial Age
35:09 Hand Cart
36:04 Husbandry
36:54 Scale Barding Armor
37:00 Forging
37:25 Cavalier
40:14 Chain Barding Armor
40:30 Iron Casting
Clearlyunintelligent
15:08 Feudal Age
13:27 Loom
16:18 Double-Bit Axe
16:17 Horse Collar
16:33 Stone Mining
18:55 Castle Age
20:41 Bow Saw
22:11 Gold Mining
23:50 Heavy Plow
23:58 Fletching
28:14 Wheelbarrow
33:33 Imperial Age
30:57 Town Watch
31:41 Yasama
32:10 Hand Cart
33:11 Scale Mail Armor
33:23 Forging
35:53 Chain Mail Armor
36:15 Iron Casting
36:02 Kataparuto
36:04 Conscription
36:05 Elite Samurai
37:14 Bodkin Arrow
38:09 Gold Shaft Mining
39:02 Two-Man Saw
40:14 Plate Mail Armor
40:16 Ballistics
41:55 Blast Furnace
41:10 Guard Tower
42:22 Chemistry
魯肉飯
6:18 Loom
13:41 Feudal Age
16:12 Town Watch
19:04 Stone Mining
21:22 Castle Age
23:07 Fletching
猪队友怕不怕
5:47 Loom
16:08 Feudal Age
16:41 Double-Bit Axe
23:08 Castle Age
22:27 Stone Mining
24:34 Wheelbarrow
24:11 Bow Saw
24:45 Fletching
29:38 Arson
33:46 Horse Collar
41:12 Imperial Age
即刻救援
14:15 Feudal Age
20:10 Castle Age
18:43 Gold Mining
19:18 Double-Bit Axe
19:37 Fletching
19:48 Padded Archer Armor
22:32 Bow Saw
25:30 Bodkin Arrow
27:08 Thumb Ring
29:56 Wheelbarrow
31:48 Husbandry
32:03 Bloodlines
34:32 Gold Shaft Mining
38:53 Imperial Age
36:22 Stone Mining
37:10 Horse Collar
39:44 Leather Archer Armor
39:55 Onager
DSLG | Shamer
17:38 Feudal Age
15:56 Loom
21:04 Double-Bit Axe
25:33 Castle Age
24:46 Gold Mining
24:46 Stone Mining
28:10 Fishing Lines
29:39 Greek Fire
30:10 Gillnets
31:05 Siphons
31:12 Careening
32:28 Bow Saw
32:47 Medium Warships
33:07 Clinker Construction
33:56 Wheelbarrow
33:17 Treadmill Crane
36:11 Hand Cart
39:08 Imperial Age
38:13 Caravan
40:16 Conscription
41:08 Carvel Hull
41:10 Dry Dock
42:33 Scale Mail Armor
42:43 Forging
Connection lost

Rejoining the realm…

Still unreachable

The connection could not be restored.

Session expired

The server has moved on; the page needs a fresh start.